[Event "Titled Tuesday Blitz October 04 Early 2022"]
[White "Gabrielian, Artur"]
[Black "Piesik, Piotr"]
[WhiteFideId "4131002"]
[BlackFideId "1136194"]
[WhiteElo "2432"]
[BlackElo "2323"]
[Result "1-0"]
[Round "09"]
[TimeControl "180+1"]
[Date "2022.10.04"]
[WhiteClock "0:01:16"]
[BlackClock "0:00:36"]

1. e4 g6 2. d4 Bg7 3. Nc3 c6 4. h3 d6 5. f4 Nf6 6. Nf3 b5 7. Bd3 b4 8. Ne2 a5 9. O-O Ba6 10. e5 Nd5 11. f5 Bxd3 12. Qxd3 Qb6 13. exd6 exd6 14. Nf4 O-O 15. Nxd5 cxd5 16. Bg5 Re8 17. Rf2 Nc6 18. f6 Bf8 19. Qd2 Re4 20. c3 Rae8 21. Bh6 Qd8 22. Bxf8 Rxf8 23. Ng5 Ree8 24. Qf4 h6 25. Qh4 h5 26. g4 bxc3 27. bxc3 1-0


[Site "https://www.chess.com"]

[Event "Titled Tuesday Blitz October 04 Early 2022"]
[White "Gritsenko, Nikolai"]
[Black "Xu, Yi"]
[WhiteFideId "14112493"]
[BlackFideId "8605564"]
[WhiteElo "2389"]
[BlackElo "2471"]
[Result "0-1"]
[Round "09"]
[TimeControl "180+1"]
[Date "2022.10.04"]
[WhiteClock "0:00:04"]
[BlackClock "0:00:12"]

1. b3 e5 2. Bb2 Nc6 3. c4 f5 4. e3 Nf6 5. Nf3 g6 6. Nxe5 Nxe5 7. Bxe5 Bg7 8. Be2 O-O 9. O-O Qe7 10. Bb2 d6 11. Nc3 c6 12. b4 Be6 13. b5 Rae8 14. bxc6 bxc6 15. Qa4 Ne4 16. Nxe4 Bxb2 17. Rab1 Bg7 18. Nc3 Bxc3 19. dxc3 c5 20. Qa6 Rb8 21. Rfd1 Rxb1 22. Rxb1 Bc8 23. Qc6 f4 24. Qd5+ Kg7 25. Qd2 Re8 26. Bf3 fxe3 27. fxe3 Qxe3+ 28. Qxe3 Rxe3 29. Rb8 Be6 30. Rb7+ Kf6 31. Rxa7 Rxc3 32. a4 Bxc4 33. Rxh7 Bf7 34. Rh8 Ra3 35. Ra8 c4 36. Kf2 d5 37. a5 c3 38. a6 d4 39. a7 Ke5 40. Be2 Ra2 41. Ke1 Ke4 42. Rf8 Rxa7 43. Bf3+ Ke3 44. Kd1 d3 0-1


[Site "https://www.chess.com"]

[Event "Titled Tuesday Blitz October 04 Early 2022"]
[White "Hakobyan, Aram"]
[Black "Vokhidov, Shamsiddin"]
[WhiteFideId "13306677"]
[BlackFideId "14204223"]
[WhiteElo "2563"]
[BlackElo "2619"]
[Result "1-0"]
[Round "09"]
[TimeControl "180+1"]
[Date "2022.10.04"]
[WhiteClock "0:00:09"]
[BlackClock "0:00:02"]

1. d4 Nf6 2. Bg5 c5 3. Nc3 cxd4 4. Qxd4 Nc6 5. Qh4 e6 6. O-O-O Be7 7. e4 d6 8. f4 Qb6 9. Nf3 h6 10. e5 dxe5 11. fxe5 Nd7 12. Bxe7 Nxe7 13. Kb1 Nf5 14. Qe4 Qe3 15. g4 Qxe4 16. Nxe4 Ne3 17. Nd6+ Ke7 18. Rd4 f6 19. exf6+ Nxf6 20. Ne5 Nfd5 21. Ng6+ Kxd6 22. Nxh8 e5 23. Rd2 Bxg4 24. Ng6 Bf5 25. Nh4 Be4 26. Rg1 g5 27. Ng2 Nxf1 28. Rxf1 Ke6 29. Re1 Kf5 30. Rf2+ Nf4 31. Ne3+ Kg6 32. Ng4 Bf5 33. Nxe5+ Kg7 34. h4 Re8 35. hxg5 hxg5 36. Rg1 Rxe5 37. Rxf4 Kf6 38. Rf2 g4 39. Kc1 Kg5 40. Kd2 Be6 41. b3 Rd5+ 42. Ke3 Bf5 43. c4 Rd3+ 44. Ke2 Rc3 45. Kd2 Rd3+ 46. Ke1 g3 47. Rd2 Rc3 48. Ke2 Bg4+ 49. Kf1 Kf4 50. Kg2 Bf3+ 51. Kh3 Bg4+ 52. Kh4 1-0


[Site "https://www.chess.com"]

[Event "Titled Tuesday Blitz October 04 Early 2022"]
[White "Hambleton, Aman"]
[Black "Omelja, Artem"]
[WhiteFideId "2606577"]
[BlackFideId "14119846"]
[WhiteElo "2538"]
[BlackElo "2403"]
[Result "0-1"]
[Round "09"]
[TimeControl "180+1"]
[Date "2022.10.04"]
[WhiteClock "0:00:03"]
[BlackClock "0:00:06"]

1. d4 d5 2. Bf4 Nf6 3. e3 c5 4. c3 Nc6 5. Nd2 Bf5 6. Qb3 Qc8 7. Ngf3 e6 8. Nh4 Bg4 9. h3 Bh5 10. g4 Bg6 11. Nxg6 hxg6 12. Bg2 Be7 13. O-O O-O 14. a4 Qd7 15. a5 a6 16. Qa4 Rfc8 17. Rfd1 c4 18. e4 Bd8 19. e5 Ne8 20. b4 Nc7 21. Qc2 Nb5 22. Nf3 Be7 23. Bd2 Rf8 24. Re1 Rac8 25. Re2 Qd8 26. Rae1 b6 27. axb6 Qxb6 28. h4 a5 29. bxa5 Nxa5 30. h5 gxh5 31. gxh5 Nb3 32. Bg5 Qa7 33. h6 g6 34. Bh3 Kh7 35. Kg2 Bxg5 36. Nxg5+ Kxh6 37. Nf3 Kg7 38. Re3 Rh8 39. Ng5 Qe7 40. Rg3 Rh6 41. Rg1 Rch8 42. f4 Ra8 43. f5 exf5 44. Bxf5 Qa7 45. Bxg6 fxg6 46. Ne6+ Kf7 47. Qf2+ Ke8 48. Qf8+ Kd7 49. Qf7+ Kc6 50. Nd8+ Kb6 51. Qf6+ Ka5 52. Nc6+ Ka4 53. Nxa7 Rxa7 54. e6 Rhh7 55. Rxg6 Rhe7 56. Re1 Nxc3 57. Kh1 Kb4 58. Rg3 Rh7+ 59. Kg1 Rhe7 60. Rf3 Ne4 61. Rxe4 dxe4 62. Rf5 c3 63. Qe5 c2 64. Qb5+ Ka3 65. Rc5 Nxc5 66. Qxc5+ Kb2 67. Qb4+ Kc1 68. Qe1+ Kb2 69. Qb4+ Kc1 70. d5 Rab7 71. Qe1+ Kb2 72. Qd2 Kb1 73. d6 c1=Q+ 74. Qxc1+ Kxc1 75. Kf2 Rxe6 0-1


[Site "https://www.chess.com"]

[Event "Titled Tuesday Blitz October 04 Early 2022"]
[White "Ivic, Velimir"]
[Black "Andreikin, Dmitry"]
[WhiteFideId "950122"]
[BlackFideId "4158814"]
[WhiteElo "2625"]
[BlackElo "2736"]
[Result "0-1"]
[Round "09"]
[TimeControl "180+1"]
[Date "2022.10.04"]
[WhiteClock "0:00:02"]
[BlackClock "0:00:52"]

1. e4 e6 2. d4 d5 3. Nc3 Bb4 4. e5 c5 5. a3 Bxc3+ 6. bxc3 Qa5 7. Bd2 Qa4 8. Qg4 Kf8 9. h4 Ne7 10. h5 h6 11. Rh3 b6 12. Rf3 Ba6 13. Qxe6 Qe8 14. Bxa6 Nxa6 15. Ne2 Nc7 16. Qg4 Qc8 17. Qf4 Qe8 18. a4 Kg8 19. g4 Rc8 20. g5 Ne6 21. Qg4 cxd4 22. g6 Nd8 23. gxf7+ Nxf7 24. cxd4 Rxc2 25. Rg3 Qf8 26. Nf4 Ng5 27. Ne6 Qf5 28. Nxg5 hxg5 29. Qxg5 Qe4+ 30. Kf1 Nf5 31. Rg4 Qd3+ 32. Ke1 Rxh5 33. Qxh5 Qxd2+ 0-1


[Site "https://www.chess.com"]

[Event "Titled Tuesday Blitz October 04 Early 2022"]
[White "Jobava, Baadur"]
[Black "Gunina, Valentina"]
[WhiteFideId "13601520"]
[BlackFideId "4167570"]
[WhiteElo "2582"]
[BlackElo "2376"]
[Result "1-0"]
[Round "09"]
[TimeControl "180+1"]
[Date "2022.10.04"]
[WhiteClock "0:00:23"]
[BlackClock "0:00:11"]

1. b3 d5 2. Bb2 Bf5 3. d3 e6 4. Nd2 Nf6 5. g3 Bc5 6. Bg2 O-O 7. Ngf3 Nbd7 8. O-O Qe7 9. c4 c6 10. a3 a5 11. Qc1 Bg6 12. Re1 Ng4 13. d4 Ba7 14. e3 Ngf6 15. Bc3 Bb6 16. b4 Ne4 17. Nxe4 Bxe4 18. c5 Bc7 19. Qb2 b6 20. cxb6 Nxb6 21. Qc1 Rfb8 22. bxa5 Nc4 23. Nd2 Nxd2 24. Qxd2 Bxg2 25. Kxg2 Qd8 26. Reb1 g6 27. Rxb8 Bxb8 28. Bb4 Bc7 29. Rc1 Bxa5 30. Rxc6 Bxb4 31. Qxb4 Kg7 32. Rc3 h5 33. Qb7 Rb8 34. Qc7 Qxc7 35. Rxc7 Rb2 36. h4 Ra2 37. Ra7 Kf6 38. a4 Kg7 39. a5 Kf6 40. a6 Kg7 41. Ra8 Kf6 42. Kf1 Kf5 43. Kg2 Kf6 44. a7 Kf5 45. Kf3 Kf6 46. g4 Ra1 47. Kf4 Ra2 48. g5+ Ke7 49. f3 Ra6 50. e4 Ra4 51. Ke3 Ra3+ 52. Kd2 Ra2+ 53. Kc3 Ra4 54. Kb3 Ra1 55. Kb4 Rb1+ 56. Kc3 Rc1+ 57. Kb2 Rc7 58. Re8+ Kxe8 59. a8=Q+ Ke7 60. exd5 exd5 61. Qxd5 Rd7 62. Qe5+ Kf8 63. d5 1-0


[Site "https://www.chess.com"]

[Event "Titled Tuesday Blitz October 04 Early 2022"]
[White "Kosakowski, Jakub"]
[Black "Matinian, Nikita"]
[WhiteFideId "1185080"]
[BlackFideId "24129100"]
[WhiteElo "2463"]
[BlackElo "2422"]
[Result "0-1"]
[Round "09"]
[TimeControl "180+1"]
[Date "2022.10.04"]
[WhiteClock "0:01:24"]
[BlackClock "0:01:36"]

1. e4 c5 2. c3 Nf6 3. e5 Nd5 4. d4 cxd4 5. Nf3 Nc6 6. cxd4 d6 7. Bc4 Nb6 8. Bb5 dxe5 9. Nxe5 Bd7 10. Nxd7 Qxd7 11. O-O e6 12. Nc3 a6 13. Bxc6 bxc6 14. Qg4 h5 15. Qg3 h4 16. Qg4 h3 17. g3 Nd5 18. Re1 Rb8 19. Ne4 Nf6 20. Qf4 Rb4 21. Bd2 Rxd4 22. Nxf6+ gxf6 23. Qxf6 Qd5 24. f3 Rxd2 0-1


[Site "https://www.chess.com"]

[Event "Titled Tuesday Blitz October 04 Early 2022"]
[White "Kravtsiv, Martyn"]
[Black "Bacrot, Etienne"]
[WhiteFideId "14113147"]
[BlackFideId "605506"]
[WhiteElo "2694"]
[BlackElo "2666"]
[Result "1-0"]
[Round "09"]
[TimeControl "180+1"]
[Date "2022.10.04"]
[WhiteClock "0:00:14"]
[BlackClock "0:00:06"]

1. e4 c5 2. Nf3 d6 3. Bb5+ Bd7 4. Bxd7+ Nxd7 5. O-O e6 6. b3 Be7 7. Bb2 Bf6 8. d4 cxd4 9. Bxd4 Ne7 10. c4 Nc6 11. Bxf6 Qxf6 12. Na3 Rd8 13. Nb5 O-O 14. Rc1 Nde5 15. Ne1 Qf4 16. Nc3 Ng4 17. g3 Qh6 18. Nf3 Nce5 19. h4 f5 20. exf5 Rxf5 21. Nd4 Rxf2 22. Rxf2 Nxf2 23. Kxf2 Qxc1 24. Qxc1 Nd3+ 25. Ke3 Nxc1 26. Kd2 Nxa2 27. Nxa2 Kf7 28. Nc3 a6 29. Ke3 h6 30. Nde2 Rc8 31. Kd4 Ke7 32. Ne4 b5 33. c5 dxc5+ 34. Nxc5 a5 35. Nc3 Rd8+ 36. Ke3 Rb8 37. Kd4 Rf8 38. Nxb5 Rf3 39. g4 Rf4+ 40. Ke5 Rxg4 41. Nd4 Rxh4 42. Ncxe6 g6 43. Nf4 Kf7 44. Nc6 g5 45. Nd5 Rh3 46. Nxa5 Kg6 47. b4 h5 48. b5 Rh1 49. Nc6 Re1+ 50. Kd4 h4 51. b6 h3 52. b7 Re8 53. Nce7+ Kh5 54. Nf6+ Kh4 55. Nxe8 h2 56. Nf5+ Kh3 57. Ng3 Kxg3 58. b8=Q+ Kg2 59. Qb2+ Kh3 60. Qc3+ Kg2 61. Qd2+ Kh3 62. Qe3+ Kg2 63. Qe2+ Kg3 64. Qf1 g4 65. Qh1 Kh3 66. Ke3 g3 67. Kf3 Kh4 68. Qg2 Kg5 69. Kxg3 1-0


[Site "https://www.chess.com"]

[Event "Titled Tuesday Blitz October 04 Early 2022"]
[White "Lazavik, Denis"]
[Black "Nakamura, Hikaru"]
[WhiteFideId "13515110"]
[BlackFideId "2016192"]
[WhiteElo "2437"]
[BlackElo "2909"]
[Result "0-1"]
[Round "09"]
[TimeControl "180+1"]
[Date "2022.10.04"]
[WhiteClock "0:00:03"]
[BlackClock "0:00:08"]

1. d4 Nf6 2. c4 e6 3. Nf3 d5 4. g3 Bb4+ 5. Bd2 Be7 6. Bg2 O-O 7. O-O c6 8. Bf4 Nh5 9. Bc1 Nf6 10. Qc2 b6 11. b3 Ba6 12. Rd1 Nbd7 13. Bb2 Rc8 14. Nbd2 c5 15. e4 dxc4 16. Nxc4 cxd4 17. e5 b5 18. exf6 Bxf6 19. Nxd4 bxc4 20. Nc6 Qc7 21. bxc4 Bb7 22. Nxa7 Bxg2 23. Nxc8 Ba8 24. Nd6 Qc6 25. Kf1 Qg2+ 26. Ke1 Bg5 27. h4 Bh6 28. Qd3 Nc5 29. Qf1 Qh2 30. Bd4 Bg2 31. Bxc5 Bxf1 32. Kxf1 g6 33. Ke2 Qh3 34. Ne4 Ra8 35. Bd4 Bg7 36. Bxg7 Kxg7 37. c5 Qf5 38. f3 Qe5 39. Kf2 Qb2+ 40. Ke3 Ra3+ 41. Kf4 h5 42. Nd6 Qf6+ 43. Ke4 Qxf3+ 44. Kd4 Ra4+ 45. Nc4 Qg4+ 0-1


[Site "https://www.chess.com"]

[Event "Titled Tuesday Blitz October 04 Early 2022"]
[White "Makarian, Rudik"]
[Black "Harsha Bharathakoti"]
[WhiteFideId "44105681"]
[BlackFideId "5078776"]
[WhiteElo "2405"]
[BlackElo "2523"]
[Result "0-1"]
[Round "09"]
[TimeControl "180+1"]
[Date "2022.10.04"]
[WhiteClock "0:01:06"]
[BlackClock "0:01:28"]

1. c4 f5 2. Nc3 Nf6 3. d4 g6 4. Nf3 d6 5. g3 Bg7 6. Bg2 O-O 7. O-O Qe8 8. d5 Na6 9. Nd4 Bd7 10. b3 c6 11. Bb2 Nc5 12. Qc2 Rc8 13. Rad1 Qf7 14. b4 Nce4 15. Nxe4 Nxe4 16. Bxe4 fxe4 17. Qxe4 Bh3 18. Ne6 Bxb2 19. Ng5 Bf5 20. Qh4 Qg7 21. e4 Bd7 22. Ne6 Bxe6 23. dxe6 Qf6 24. Qg4 Qf3 25. Qh4 Bf6 26. Qh6 c5 0-1


[Site "https://www.chess.com"]

[Event "Titled Tuesday Blitz October 04 Early 2022"]
[White "Martinez Alcantara, Jose Eduardo"]
[Black "Jones, Gawain C B"]
[WhiteFideId "3805662"]
[BlackFideId "409561"]
[WhiteElo "2703"]
[BlackElo "2657"]
[Result "1-0"]
[Round "09"]
[TimeControl "180+1"]
[Date "2022.10.04"]
[WhiteClock "0:00:54"]
[BlackClock "0:00:05"]

1. e4 e5 2. Nf3 Nc6 3. Bb5 a6 4. Ba4 Nf6 5. O-O d6 6. d3 g6 7. c3 Bg7 8. h3 O-O 9. Re1 b5 10. Bc2 a5 11. a4 b4 12. Nbd2 Re8 13. Bb3 Be6 14. Bxe6 Rxe6 15. Nf1 d5 16. Bg5 Rd6 17. Qc2 bxc3 18. bxc3 d4 19. cxd4 Nxd4 20. Nxd4 Rxd4 21. Ne3 Rxd3 22. Nd5 Rd4 23. Qc6 Rxd5 24. exd5 Qxd5 25. Qxc7 Qd7 26. Rac1 Qxa4 27. Qxe5 Nd7 28. Qd5 Rf8 29. Re4 Nb6 30. Rxa4 Nxd5 31. Rxa5 Nc3 32. Kf1 Ne4 33. Be3 h5 34. Ra4 Nc3 35. Rc4 Nd5 36. Bg5 Bf6 37. Bxf6 Nxf6 38. Rc8 Rxc8 39. Rxc8+ Kg7 40. Ra8 Nd5 41. Ke2 Nf4+ 42. Kf3 Ne6 43. Ra5 Kf6 44. Ke3 Kg7 45. Ke4 Kf6 46. Rb5 Ng5+ 47. Ke3 Ne6 48. h4 Kg7 49. Ke4 Kf6 50. Ra5 Nf8 51. Ra6+ Ne6 52. g3 Ke7 53. Rb6 Nc5+ 54. Kd4 Nd7 55. Ra6 Nf6 56. f3 Ne8 57. Ke5 Kf8 58. Ra8 Ke7 59. Ra7+ Kf8 60. Rb7 Kg7 61. g4 Nf6 62. g5 Ne8 63. f4 Kf8 64. Ra7 Kg8 65. Rb7 Kg7 66. Re7 Kf8 67. Rd7 Ng7 68. Rb7 Ne8 69. f5 gxf5 70. Rb8 Ke7 71. Kxf5 Nd6+ 72. Kf4 Ke6 73. Rh8 Nf5 74. Rxh5 Ne7 75. Rh6+ Ng6+ 76. Ke4 Ke7 77. h5 Nf8 78. Ra6 Ne6 79. Kf5 Nd4+ 80. Kg4 Kf8 81. h6 Kg8 82. Ra7 Ne6 83. Kf5 Nf8 84. Ra8 f6 85. g6 1-0


[Site "https://www.chess.com"]

[Event "Titled Tuesday Blitz October 04 Early 2022"]
[White "Nigmatov, Ortik"]
[Black "Shimanov, Aleksandr"]
[WhiteFideId "14202131"]
[BlackFideId "4198603"]
[WhiteElo "2378"]
[BlackElo "2605"]
[Result "0-1"]
[Round "09"]
[TimeControl "180+1"]
[Date "2022.10.04"]
[WhiteClock "0:01:31"]
[BlackClock "0:02:15"]

1. e4 d5 2. exd5 Qxd5 3. Nf3 Bg4 4. Be2 Nc6 5. d4 O-O-O 6. c4 Qf5 7. Be3 Bxf3 8. Bxf3 Nxd4 9. Bg4 Nc2+ 10. Qxc2 Qxg4 11. O-O Nh6 12. Nc3 e6 13. Bxa7 Qxc4 14. b3 Qc6 15. Rad1 Bb4 16. Bd4 Nf5 17. Be5 f6 18. Qe2 fxe5 19. Nb5 Kb8 20. Rc1 Qb6 21. Nxc7 Nd4 22. Qe4 Bd6 0-1


[Site "https://www.chess.com"]

[Event "Titled Tuesday Blitz October 04 Early 2022"]
[White "Ohanyan, Emin"]
[Black "Eljanov, Pavel"]
[WhiteFideId "13312022"]
[BlackFideId "14102951"]
[WhiteElo "2302"]
[BlackElo "2601"]
[Result "1-0"]
[Round "09"]
[TimeControl "180+1"]
[Date "2022.10.04"]
[WhiteClock "0:00:06"]
[BlackClock "0:00:04"]

1. e4 c6 2. d4 d5 3. Nc3 dxe4 4. Nxe4 Nf6 5. Nxf6+ exf6 6. c3 Bd6 7. Bd3 O-O 8. Qc2 Re8+ 9. Ne2 h5 10. O-O Nd7 11. Ng3 Qc7 12. h3 Bxg3 13. fxg3 Nf8 14. Bf4 Qa5 15. Rae1 Be6 16. a3 b5 17. Bd6 Rad8 18. Bb4 Qc7 19. Qf2 Nd7 20. a4 a5 21. Ba3 bxa4 22. c4 Nb6 23. Rc1 Nc8 24. d5 Bd7 25. g4 Qe5 26. Rce1 Qg5 27. b4 axb3 28. Bc1 Qxc1 29. Rxc1 cxd5 30. cxd5 Nd6 31. Qh4 Re3 32. Bb1 1-0


[Site "https://www.chess.com"]

[Event "Titled Tuesday Blitz October 04 Early 2022"]
[White "Pakleza, Zbigniew"]
[Black "Batsuren, Dambasuren"]
[WhiteFideId "1119290"]
[BlackFideId "4902920"]
[WhiteElo "2411"]
[BlackElo "2422"]
[Result "1/2-1/2"]
[Round "09"]
[TimeControl "180+1"]
[Date "2022.10.04"]
[WhiteClock "0:00:10"]
[BlackClock "0:00:08"]

1. d4 Nf6 2. Nf3 e6 3. Bf4 b6 4. e3 Bb7 5. h3 c5 6. c3 cxd4 7. cxd4 Be7 8. Nc3 O-O 9. Bd3 Nc6 10. a3 h6 11. O-O d5 12. Qa4 a6 13. Rfc1 b5 14. Qd1 Bd6 15. Bxd6 Qxd6 16. a4 bxa4 17. Nxa4 Nb4 18. Nc5 Rfb8 19. Bf1 a5 20. Ra3 Nd7 21. Nxd7 Qxd7 22. Ne5 Qd8 23. Rc5 Rc8 24. Qh5 Qe7 25. Raxa5 Rxa5 26. Rxa5 Rc1 27. Ra7 Rxf1+ 28. Kxf1 Ba6+ 29. Rxa6 Nxa6 30. Kg1 Qb7 31. Qe2 Nb4 32. Qd2 f6 33. Nd7 Qb5 34. Nc5 e5 35. Qc3 e4 36. Qb3 Qa5 37. Nxe4 Qa1+ 38. Kh2 Qe1 39. Nc3 Nd3 40. Qxd5+ Kf8 41. Qa8+ Kf7 42. Qd5+ Kf8 43. Ne4 Nxf2 44. Qd8+ Kf7 45. Qd7+ Kf8 46. Nd6 Kg8 47. Qe6+ Kh7 48. Qf5+ Kg8 49. Ne4 Nd1 50. Qe6+ Kh7 51. Qf5+ Kg8 52. Qe6+ Kh8 53. Qe8+ Kh7 54. Qf7 Kh8 55. Qe8+ Kh7 56. Qh5 Nxe3 57. Ng3 Qd2 58. Qf3 Qxd4 59. b3 f5 60. h4 Qe5 61. Kh3 g6 62. h5 gxh5 63. Nxh5 Kg6 64. Nf4+ Kf6 65. Nd3 Qe4 66. Qxe4 fxe4 67. Nc5 Ke5 68. b4 Nd5 69. b5 e3 70. Kg3 Kd6 71. Nd3 Nc3 72. b6 Kc6 73. Kf3 e2 74. Kf2 Kxb6 75. Nf4 Kc5 76. Nxe2 Nxe2 77. Kxe2 Kd4 78. Kf3 Ke5 79. Kg4 Kf6 80. Kh5 Kg7 81. g4 Kh7 82. g5 hxg5 83. Kxg5 1/2-1/2


[Site "https://www.chess.com"]

[Event "Titled Tuesday Blitz October 04 Early 2022"]
[White "Papasimakopoulos, Alexandros"]
[Black "Tin, Jingyao"]
[WhiteFideId "4244125"]
[BlackFideId "5804418"]
[WhiteElo "2357"]
[BlackElo "2462"]
[Result "1-0"]
[Round "09"]
[TimeControl "180+1"]
[Date "2022.10.04"]
[WhiteClock "0:00:47"]
[BlackClock "0:00:01"]

1. d4 d5 2. c4 c6 3. cxd5 cxd5 4. Bf4 Nf6 5. Nc3 Nc6 6. e3 Bf5 7. Qb3 Na5 8. Qa4+ Bd7 9. Qc2 e6 10. Nf3 Be7 11. h3 O-O 12. Bd3 Rc8 13. O-O h6 14. Ne5 Be8 15. Qe2 Nd7 16. Rac1 Nxe5 17. Bxe5 Nc4 18. Bg3 Qa5 19. e4 Nb6 20. exd5 Bd7 21. dxe6 Bxe6 22. Qe4 g6 23. Qxb7 Bf6 24. Be5 Bxe5 25. dxe5 Qxe5 26. Qxa7 Nc4 27. Rfe1 Qg7 28. Bxc4 Rxc4 29. Qa6 Rfc8 30. Rcd1 Kh7 31. Rd2 Qf6 32. Qb5 R8c5 33. Qb8 Bxh3 34. Ne4 Rxe4 35. Rxe4 Bxg2 36. Qf4 Qxf4 37. Rxf4 Bd5 38. b4 Rc1+ 39. Kh2 Be6 40. Re4 g5 41. Rb2 h5 42. Rxe6 fxe6 43. b5 1-0


[Site "https://www.chess.com"]

[Event "Titled Tuesday Blitz October 04 Early 2022"]
[White "Rohith Krishna S"]
[Black "Girel, Joseph"]
[WhiteFideId "46617051"]
[BlackFideId "36033561"]
[WhiteElo "2270"]
[BlackElo "2281"]
[Result "1-0"]
[Round "09"]
[TimeControl "180+1"]
[Date "2022.10.04"]
[WhiteClock "0:01:38"]
[BlackClock "0:01:52"]

1. Nf3 b6 2. g3 Bb7 3. Bg2 Nf6 4. O-O g6 5. d3 Bg7 6. e4 O-O 7. e5 Ne8 8. d4 d6 9. exd6 Nxd6 10. c3 Nd7 11. h4 c5 12. h5 cxd4 13. cxd4 Rc8 14. Nc3 Nf6 15. hxg6 hxg6 16. Bf4 Nf5 17. Be5 Nd5 18. Rc1 Qd7 19. Qe2 f6 20. Nxd5 Bxd5 21. Bf4 g5 22. Be3 Qb7 23. Rfd1 e6 24. Ne1 Bxg2 25. Nxg2 Qd5 26. Qa6 Rxc1 27. Rxc1 Rf7 28. b3 Kf8 29. Qc8+ Ke7 30. Rc7+ Kd6 31. Qd8+ 1-0


[Site "https://www.chess.com"]

[Event "Titled Tuesday Blitz October 04 Early 2022"]
[White "Salinas Herrera, Pablo"]
[Black "Bortnyk, Olexandr"]
[WhiteFideId "3407128"]
[BlackFideId "14120828"]
[WhiteElo "2550"]
[BlackElo "2723"]
[Result "0-1"]
[Round "09"]
[TimeControl "180+1"]
[Date "2022.10.04"]
[WhiteClock "0:00:01"]
[BlackClock "0:01:03"]

1. Nf3 d6 2. e4 Nf6 3. Nc3 e5 4. Bc4 Be7 5. O-O Nbd7 6. Re1 c6 7. a4 h6 8. d3 g5 9. Ne2 Nf8 10. Ng3 Be6 11. a5 Ng6 12. b3 Qd7 13. Bxe6 fxe6 14. c4 c5 15. b4 O-O 16. bxc5 dxc5 17. Bb2 Bd6 18. Bc3 Rf7 19. h3 Raf8 20. Ra2 g4 21. hxg4 Nxg4 22. Nh1 Qe7 23. Nh2 Nxh2 24. Kxh2 Qh4+ 25. Kg1 Nf4 26. Re3 Kh7 27. Rg3 Qd8 28. Rg4 Bc7 29. Rg3 Rd7 30. Qg4 h5 31. Qd1 Rg8 32. Rxg8 Qxg8 33. Ng3 h4 34. Qf3 Rxd3 0-1


[Site "https://www.chess.com"]

[Event "Titled Tuesday Blitz October 04 Early 2022"]
[White "Saydaliev, Saidakbar"]
[Black "Svane, Rasmus"]
[WhiteFideId "14203693"]
[BlackFideId "4657101"]
[WhiteElo "2276"]
[BlackElo "2674"]
[Result "0-1"]
[Round "09"]
[TimeControl "180+1"]
[Date "2022.10.04"]
[WhiteClock "0:00:02"]
[BlackClock "0:00:04"]

1. e4 c6 2. Nf3 d5 3. Nc3 dxe4 4. Nxe4 Nf6 5. Qe2 Nxe4 6. Qxe4 Qa5 7. Bc4 Bf5 8. Qf4 e6 9. c3 Qd8 10. d4 Bd6 11. Qe3 Nd7 12. O-O O-O 13. h3 Qc7 14. Qe2 c5 15. Be3 Rac8 16. Rfd1 Nf6 17. dxc5 Bxc5 18. Bb3 h6 19. Nd4 Bg6 20. Nxe6 fxe6 21. Bxe6+ Kh7 22. Bxc8 Rxc8 23. Bxc5 Qxc5 24. Rd4 Re8 25. Qf3 b6 26. Rad1 Qc7 27. Rd6 Re5 28. Qf4 Qe7 29. Rc6 Nd5 30. Qd4 Qg5 31. g3 Nf6 32. Rc7 Re2 33. Qf4 Qxf4 34. gxf4 a5 35. Rb7 Rxb2 36. Rd6 Rb1+ 37. Kh2 Be4 38. Rbxb6 Rh1+ 39. Kg3 Rg1+ 40. Kh2 Rg2+ 41. Kh1 Nh5 42. Re6 Bf3 0-1


[Site "https://www.chess.com"]

[Event "Titled Tuesday Blitz October 04 Early 2022"]
[White "Tang, Andrew"]
[Black "Svane, Frederik"]
[WhiteFideId "2059630"]
[BlackFideId "12923044"]
[WhiteElo "2581"]
[BlackElo "2466"]
[Result "0-1"]
[Round "09"]
[TimeControl "180+1"]
[Date "2022.10.04"]
[WhiteClock "0:00:01"]
[BlackClock "0:00:07"]

1. d4 Nf6 2. Nf3 g6 3. Nbd2 Bg7 4. e4 O-O 5. Bd3 Nc6 6. O-O d6 7. Re1 a5 8. c3 Nd7 9. Nc4 e5 10. Bg5 Qe8 11. Ne3 h6 12. Bh4 Nb6 13. Nd5 Nxd5 14. exd5 Nb8 15. dxe5 dxe5 16. Nxe5 Bxe5 17. f4 Bd4+ 18. cxd4 Qd7 19. Be7 Re8 20. Bf6 b5 21. f5 Ra6 22. Be5 gxf5 23. Qh5 Rg6 24. Rf1 Qxd5 25. Rf3 Nc6 26. Bxf5 Nxe5 27. dxe5 Rxe5 0-1


[Site "https://www.chess.com"]

[Event "Titled Tuesday Blitz October 04 Early 2022"]
[White "Terry, Renato"]
[Black "Le, Tuan Minh"]
[WhiteFideId "3803457"]
[BlackFideId "12401153"]
[WhiteElo "2577"]
[BlackElo "2530"]
[Result "1/2-1/2"]
[Round "09"]
[TimeControl "180+1"]
[Date "2022.10.04"]
[WhiteClock "0:00:06"]
[BlackClock "0:00:09"]

1. Nf3 d5 2. e3 Nf6 3. c4 c6 4. Qc2 Bg4 5. b3 Nbd7 6. Bb2 e6 7. Be2 Bd6 8. O-O O-O 9. d4 Ne4 10. Ba3 Bxa3 11. Nxa3 Bxf3 12. Bxf3 f5 13. b4 Qh4 14. g3 Qe7 15. Qb2 a5 16. b5 Qb4 17. Qxb4 axb4 18. Bxe4 Rxa3 19. Bf3 Nb6 20. bxc6 bxc6 21. cxd5 cxd5 22. Rfb1 Nc4 23. Rxb4 Nd2 24. Be2 Rfa8 25. Rb2 Ne4 26. Bd1 Nc3 27. Bb3 Kf7 28. Rc1 Nxa2 29. Bxa2 Rxa2 30. Rc7+ Kg6 31. Rbb7 Rg8 32. Rb6 Kf6 33. h4 Raa8 34. Rbb7 h5 35. Rf7+ Kg6 36. Kg2 Raf8 37. Rfe7 Kf6 38. Kf3 g5 39. hxg5+ Rxg5 40. Rh7 Rfg8 41. Rbf7+ Kg6 42. Re7 Kf6 43. Ref7+ Kg6 44. Ra7 Kf6 45. Rhf7+ Kg6 46. Rab7 Rg4 47. Rfe7 Kf6 48. Rf7+ Kg6 49. Rh7 Rg5 50. Kg2 Rg4 51. Kh3 Rg5 52. Rhe7 Kf6 53. Rf7+ Kg6 54. Rfe7 Kf6 55. Rbc7 R5g7 56. Rxg7 Rxg7 57. Rc8 Ra7 58. Rf8+ Kg7 59. Re8 Kf7 60. Rh8 Kg6 61. Kg2 Ra6 62. Kf3 Ra2 63. Rg8+ Kf6 64. Rc8 Rb2 65. Rf8+ Kg6 66. Ra8 Kf6 67. Rg8 Ra2 68. Kg2 Rb2 69. Rh8 Kg6 70. Ra8 Kf6 71. Ra7 Rc2 72. Rd7 Rb2 73. Rd8 Ra2 74. Rb8 Rc2 75. Rh8 Kg6 76. Kf1 Ra2 77. Ke1 Kg5 78. Rg8+ Kf6 79. Kf1 Rb2 80. Kg1 Ra2 81. Kg2 Rb2 82. Kf3 Ra2 1/2-1/2


[Site "https://www.chess.com"]

[Event "Titled Tuesday Blitz October 04 Early 2022"]
[White "Tsaruk, Maksim"]
[Black "Wirig, Anthony"]
[WhiteFideId "13511173"]
[BlackFideId "615013"]
[WhiteElo "2273"]
[BlackElo "2474"]
[Result "0-1"]
[Round "09"]
[TimeControl "180+1"]
[Date "2022.10.04"]
[WhiteClock "0:00:04"]
[BlackClock "0:00:04"]

1. e4 c5 2. Nf3 e6 3. d4 cxd4 4. Nxd4 Nf6 5. Nc3 Nc6 6. Ndb5 Bc5 7. Nd6+ Ke7 8. Bf4 e5 9. Nf5+ Kf8 10. Bg5 d6 11. Bxf6 Qxf6 12. Nd5 Qd8 13. c3 g6 14. Nfe3 Be6 15. Be2 Ne7 16. h4 h5 17. Nxe7 Qxe7 18. Nd5 Bxd5 19. Qxd5 Kg7 20. Rh3 Rhf8 21. Bc4 Qf6 22. Rf3 Qxh4 23. Rxf7+ Rxf7 24. Qxf7+ Kh6 25. O-O-O a5 26. Bd5 Qg5+ 27. Kb1 Qxg2 28. f4 Qf3 29. Rc1 Qxf4 30. Qxb7 Rf8 31. Qe7 Qf6 32. Qd7 h4 33. Qg4 Qf4 34. Qg2 Qg3 35. Qe2 Rf4 36. Be6 Rf2 37. Qe1 Qf4 38. Rd1 Rh2 39. Ka1 Be3 40. Bd5 Bf2 41. Qf1 Bg3 42. Qd3 Qf2 43. a4 Qxb2# 0-1


[Site "https://www.chess.com"]

[Event "Titled Tuesday Blitz October 04 Early 2022"]
[White "Urazayev, Arystanbek"]
[Black "Makhnev, Denis"]
[WhiteFideId "13709810"]
[BlackFideId "13707647"]
[WhiteElo "2441"]
[BlackElo "2486"]
[Result "0-1"]
[Round "09"]
[TimeControl "180+1"]
[Date "2022.10.04"]
[WhiteClock "0:00:16"]
[BlackClock "0:01:01"]

1. e4 c6 2. Nf3 d5 3. exd5 cxd5 4. d4 Nc6 5. c3 Qc7 6. c4 e6 7. Nc3 Bb4 8. cxd5 exd5 9. Bd3 Nf6 10. O-O Bxc3 11. bxc3 O-O 12. Re1 h6 13. Ba3 Rd8 14. Ne5 Be6 15. Rc1 Rac8 16. h3 Ne4 17. Bxe4 dxe4 18. Rxe4 Nxe5 19. Rxe5 Qxe5 20. dxe5 Rxd1+ 21. Rxd1 Rxc3 22. Bb4 Rc2 23. Rd8+ Kh7 24. a3 b6 25. g4 h5 26. f3 a5 27. Be7 Re2 28. Bd6 Bd5 29. gxh5 Bxf3 30. Rb8 Rg2+ 0-1


[Site "https://www.chess.com"]